AoeStats
← Battousai

Arena

510033926Analyzed
4v4 RM · 3d ago on Sep 29, 2026· 68m 34s· 8 players
Game mode
Random Map
Map size
Large (8 player)
Population
200
Speed
Normal
Resources
Standard
Victory
Conquest
Starting age
Dark Age
Ending age
Imperial Age
RankedLock teamsTeams togetherTeam positionsShared explorationLock speedFull tech treeHidden civsTurbo modeCheats
Victory
Defeat
🇲🇽 Italians · Mexico
1189
+14
🇺🇸 Byzantines · United States
1183
+14
🇨🇴 Huns · Colombia
1162
+15
🇲🇽 Varangians · Mexico
1156
+15
🇺🇸 Malay · United States
1194
-17
🇨🇱 Saracens · Chile
1133
-14
🇳🇮 Teutons · Nicaragua
1121
-14
🇺🇸 Ethiopians · United States
1100
-13
monongahela
10:43 Feudal Age
12:24 Loom
15:06 Castle Age
13:25 Double-Bit Axe
13:21 Horse Collar
16:34 Bow Saw
17:26 Heavy Plow
22:56 Wheelbarrow
23:29 Stone Mining
24:55 Hand Cart
26:26 Gold Mining
31:07 Imperial Age
29:12 Scale Barding Armor
30:34 Chain Barding Armor
34:12 Plate Barding Armor
33:48 Forging
35:10 Crop Rotation
35:41 Two-Man Saw
35:18 Gold Shaft Mining
35:41 Stone Shaft Mining
36:24 Chemistry
35:00 Elite Skirmisher
37:13 Iron Casting
37:28 Fletching
37:39 Padded Archer Armor
38:25 Thumb Ring
38:20 Bodkin Arrow
38:54 Leather Archer Armor
40:01 Treadmill Crane
46:17 Ballistics
47:22 Bracer
47:52 Ring Archer Armor
64:31 Bombard Tower
67:51 Caravan
[GMEX] | The_Spartako
11:37 Feudal Age
11:51 Loom
15:37 Castle Age
13:49 Fletching
14:07 Stone Mining
15:01 Double-Bit Axe
14:58 Horse Collar
17:52 Wheelbarrow
23:34 Bodkin Arrow
23:57 Bow Saw
25:38 Town Watch
27:36 Gold Mining
28:30 Treadmill Crane
32:23 Imperial Age
31:56 Masonry
34:09 Chemistry
35:10 Ballistics
35:21 Architecture
36:56 Hand Cart
38:08 Bracer
38:54 Elite Skirmisher
39:33 Pikeman
40:17 Padded Archer Armor
40:27 Thumb Ring
42:20 Stone Shaft Mining
43:11 Two-Man Saw
42:44 Conscription
42:46 Elite Genoese Crossbowman
46:02 Heavy Plow
46:55 Leather Archer Armor
47:06 Ballistics
46:43 Murder Holes
46:59 Fortified Wall
46:53 Town Patrol
53:21 Hoardings
61:23 Ring Archer Armor
61:16 Forging
61:06 Scale Mail Armor
62:00 Crop Rotation
61:38 Squires
64:16 Iron Casting
67:30 Husbandry
69:11 Bloodlines
68:21 Light Cavalry
Battousai
4:55 Loom
10:08 Feudal Age
13:52 Castle Age
12:29 Double-Bit Axe
12:25 Horse Collar
15:35 Bow Saw
16:44 Heavy Plow
21:52 Gold Mining
24:08 Wheelbarrow
24:24 Stone Mining
27:58 Imperial Age
25:42 Scale Barding Armor
25:52 Loom
27:07 Chain Barding Armor
26:58 Forging
27:57 Hand Cart
27:40 Vendel Legacy
28:36 Bloodlines
29:16 Conscription
29:48 Husbandry
30:32 Plate Barding Armor
31:32 Two-Man Saw
30:17 Gothikon
32:04 Crop Rotation
32:30 Gothikon
33:50 Iron Casting
33:45 Elite Jarl
35:37 Cavalier
38:32 Blast Furnace
45:49 Fletching
47:02 Bodkin Arrow
Diegonorreea
12:41 Feudal Age
16:53 Castle Age
15:00 Double-Bit Axe
23:25 Imperial Age
21:31 Gold Mining
27:15 Loom
MYTH NICAZ
11:48 Feudal Age
16:08 Castle Age
14:07 Double-Bit Axe
14:31 Horse Collar
20:05 Loom
20:06 Town Watch
20:37 Bow Saw
20:28 Heavy Plow
20:20 Gold Mining
20:21 Stone Mining
21:31 Wheelbarrow
25:15 Hand Cart
25:26 Fervor
26:10 Gold Shaft Mining
30:31 Imperial Age
28:01 Fletching
28:14 Padded Archer Armor
29:08 Crossbowman
29:55 Thumb Ring
29:24 Elite Skirmisher
30:05 Bodkin Arrow
30:25 Leather Archer Armor
30:33 Ballistics
30:39 Arbalester
31:25 Bracer
31:56 Ring Archer Armor
32:30 Conscription
33:16 Chemistry
33:09 Halberdier
34:37 Scale Mail Armor
34:48 Forging
34:41 Squires
37:43 Two-Man Saw
37:37 Chain Mail Armor
39:26 Iron Casting
39:21 Plate Mail Armor
41:27 Stone Shaft Mining
44:13 Blast Furnace
57:23 Heavy Scorpion
59:05 Capped Ram
60:24 Siege Ram
62:57 Torsion Engines
64:58 Scale Barding Armor
66:15 Light Cavalry
66:56 Husbandry
bluechaac
10:55 Feudal Age
14:21 Castle Age
12:33 Horse Collar
13:31 Loom
14:20 Double-Bit Axe
16:11 Man-at-Arms
17:43 Long Swordsman
20:44 Forging
24:23 Iron Casting
28:50 Arson
29:06 Squires
31:34 Gold Mining
31:36 Fletching
32:49 Crossbowman
33:42 Town Watch
37:11 Bodkin Arrow
39:33 Ballistics
41:49 Imperial Age
40:18 Thalassocracy
41:17 Bracer
42:03 Arbalester
44:14 Blast Furnace
42:41 Two-Handed Swordsman
46:40 Wheelbarrow
46:36 Padded Archer Armor
54:57 Conscription
55:34 Capped Ram
58:58 Chemistry
65:17 Forced Levy
67:40 Thumb Ring
Chelowolf
9:24 Feudal Age
9:16 Loom
18:00 Castle Age
16:46 Fletching
18:53 Bodkin Arrow
29:33 Imperial Age
27:05 Crossbowman
28:11 Double-Bit Axe
30:35 Bracer
33:01 Chemistry
39:54 Conscription
39:56 Elite Mameluke
40:02 Elite Skirmisher
40:55 Husbandry
41:07 Bloodlines
40:45 Elite Skirmisher
42:05 Fervor
42:16 Sanctity
43:23 Scale Barding Armor
43:29 Forging
45:16 Ballistics
49:22 Wheelbarrow
61:03 Caravan
63:09 Light Cavalry
68:16 Chain Barding Armor
Wgonzalez079389
1:07 Loom
10:39 Feudal Age
11:43 Double-Bit Axe
16:58 Castle Age
16:22 Wheelbarrow
15:29 Horse Collar
18:56 Bow Saw
18:48 Heavy Plow
21:01 Hand Cart
21:42 Gold Mining
22:29 Stone Mining
26:08 Pikeman
26:49 Squires
28:32 Town Watch
28:40 Fletching
29:01 Forging
33:28 Imperial Age
31:51 Scale Mail Armor
31:46 Bodkin Arrow
32:14 Ballistics
33:51 Ironclad
33:28 Bodkin Arrow
34:09 Iron Casting
33:48 Masonry
33:30 Heated Shot
33:52 Fortified Wall
34:51 Crenellations
35:41 Stone Shaft Mining
36:42 Chemistry
35:08 Halberdier
36:10 Elite Teutonic Knight
39:00 Blast Furnace
38:17 Chain Mail Armor
38:33 Padded Archer Armor
39:02 Conscription
41:33 Redemption
41:23 Atonement
43:02 Onager
44:15 Plate Mail Armor
44:01 Leather Archer Armor
48:24 Siege Onager
50:54 Scale Barding Armor
56:35 Elite Skirmisher
62:18 Two-Man Saw
61:50 Crop Rotation
66:10 Bloodlines
Connection lost

Rejoining the realm…

Still unreachable

The connection could not be restored.

Session expired

The server has moved on; the page needs a fresh start.